 Dungeon Crawl Stone Soup version 0.29-a0-791-ga0f254aafb (webtiles) character file.

Game seed: 3794570543617975073

20178 Garessta the Transmogrifier (level 12, -1/79 HPs)
             Began as a Felid Transmuter on July 3, 2022.
             Was the Champion of Jiyva.
             Slain by a salamander
             ... wielding a +0 halberd
              (19 damage)
             ... on level 15 of the Dungeon.
             The game lasted 00:53:51 (12122 turns).

Garessta the Transmogrifier (Felid Transmuter)     Turns: 12122, Time: 00:53:52

Health: -1/79      AC:  9    Str: 10    XL:     12   Next: 43%
Magic:  24/24      EV: 15    Int: 16    God:    Jiyva [******]
Gold:   969        SH:  5    Dex: 16    Spells: 3/26 levels left
                                        Lives:  0   Deaths: 3

rFire   x . .      SeeInvis +     - Unarmed
rCold   + + +      Faith    .   (shield unavailable)
rNeg    . . .      Spirit   .   (body armour unavailable)
rPois   +          Reflect  +   (helmet unavailable)
rElec   .          Harm     .   (cloak unavailable)
rCorr   +          Rampage  .   (gloves unavailable)
Will    ++...      Clarity  +   (boots unavailable)
Stlth   +.........              B - amulet of reflection
HPRegen 1.83/turn               (no ring)
MPRegen 0.69/turn               (no ring)

@: ice-form
A: freezing attack, amphibious, boosted hp, large, (claws 1), (fangs 3), see
invisible, (speed 1), (shaggy fur 3), (stealthy paws), no weapons or thrown
items, no armour, multi-lived, (horns 2), clarity, strong-willed 1, robust 1,
(pseudopods 3), (translucent skin 3), (jelly absorbing missiles), MP-powered
wands, (engulf)
a: End Transformation, Renounce Religion, Oozemancy, Slimify


You were on level 15 of the Dungeon.
You worshipped Jiyva.
Jiyva was exalted by your worship.
You were a creature of crystalline ice.
You visited 2 branches of the dungeon, and saw 16 of its levels.

You collected 969 gold pieces.

Inventory:

Jewellery
 k - an amulet of faith
 B - an amulet of reflection (around neck)
Wands
 n - a wand of roots (12)
 C - a wand of flame (10)
 G - a wand of acid (2)
Scrolls
 e - a scroll of poison
 g - a scroll of magic mapping
 i - 3 scrolls of teleportation
 j - a scroll of silence
 o - 4 scrolls of vulnerability
 r - a scroll of blinking
 w - 2 scrolls of amnesia
 y - 2 scrolls of fog
 A - 3 scrolls of fear
Potions
 a - 3 potions of lignification
 c - 3 potions of brilliance
 d - a potion of haste
 h - 2 potions of invisibility
 l - 6 potions of heal wounds
 m - a potion of mutation
 p - 7 potions of flight
 q - 3 potions of berserk rage
 t - a potion of might
 x - 4 potions of curing
 z - 4 potions of magic
 D - 2 potions of attraction
 E - a potion of resistance
 F - a potion of cancellation
Miscellaneous
 H - a phantom mirror (inert)


   Skills:
 * Level 11.3 Fighting
 + Level 10.6 Dodging
 * Level 11.7 Unarmed Combat
 + Level 7.5 Spellcasting
 + Level 12.1 Transmutations
 + Level 1.0 Fire Magic
 - Level 7.2 Ice Magic
 - Level 3.7 Poison Magic


You had 3 spell levels left.
You knew the following spells:

 Your Spells              Type           Power      Damage    Failure   Level
a - Blade Hands           Tmut           22%        N/A       2%          5
b - Wereblood             Tmut           44%        N/A       1%          2
c - Spider Form           Tmut/Pois      31%        N/A       1%          3
d - Ice Form              Ice/Tmut       36%        N/A       2%          4
e - Passwall              Tmut/Erth      20%        N/A       1%          2
f - Dragon Form           Tmut           22%        N/A       56%         7

Your spell library contained the following spells:

 Spells                   Type           Power      Damage    Failure   Level
 Beastly Appendage        Tmut           88%        N/A       1%          1
 Ensorcelled Hibernation  Hex/Ice        34%        N/A       4%          2
 Foxfire                  Conj/Fire      28%        2x1d5     10%         1
 Conjure Flame            Conj/Fire      7%         6-21      28%         3
 Inner Flame              Hex/Fire       7%         N/A       28%         3
 Swiftness                Air            6%         N/A       34%         3
 Irradiate                Conj/Tmut      12%        3d17      26%         5
 Flame Wave               Conj/Fire      7%         2d5       67%         4
 Malign Gateway           Summ/Tloc      3%         N/A       100%        7
 Summon Horrible Things   Summ           3%         N/A       100%        8


Dungeon Overview and Level Annotations

Branches:
Dungeon (15/15)            Temple (1/1) D:4            Lair (0/6) D:9
    Orc (0/2) D:12         Vaults (0/5) D:14         Depths (0/4) D:15

Altars:
Ashenzari
Cheibriados
Dithmenos
Elyvilon
Fedhas
Gozag
Hepliaklqana
Kikubaaqudgha
Makhleb
Nemelex Xobeh
Okawaru
Qazlal
Ru
Sif Muna
Trog
Uskayaw
Vehumet
Wu Jian
Xom
Yredelemnul
Zin
The Shining One
Jiyva

Shops:
D:10 =   D:11 (   D:12 *


Innate Abilities, Weirdness & Mutations

You are a creature of crystalline ice.
You have a powerful freezing melee attack.
You are amphibious.
Your maximum health is increased.
((You have sharp claws.))
((You have razor-sharp teeth.))
You have supernaturally acute eyesight. (SInv)
((You cover ground quickly. (Speed+)))
((Your thick and shaggy fur keeps you warm. (AC +3, rC+)))
((Your paws help you pounce on unaware monsters.))
You are incapable of wielding weapons or throwing items.
You cannot wear armour.
You gain extra lives every three experience levels.
((You have a pair of horns on your head.))
You possess an exceptional clarity of mind.
You are strong-willed. (Will+)
You are robust. (+10% HP)
((Armour fits poorly on your massive pseudopods.))
((Your transparent skin significantly reduces your foes' accuracy. (Stealth+)))
((You have a small jelly attached to you that may absorb projectiles.))
You expend magic power (3 MP) to strengthen your wands.
((Your melee attacks may engulf your foes in ooze.))


Message History

You howl as the wereblood boils in your veins!
You hear a slurping noise.
Your transformation is almost over.
You hear a distant slurping noise.
Your primal bloodlust is almost over.
You hear a distant slurping noise.
You now have 969 gold pieces (gained 24).
You hear a distant slurping noise.
You hear a squelching noise.
You warm up again.
You hear a distant slurping noise.
You howl as the wereblood boils in your veins!
Your primal bloodlust has ended.
You hear a distant slurping noise. x2
You hear a distant slurping noise.
You hear a squelching noise.
You hear a distant slurping noise.
A salamander comes into view. It is wielding a +0 halberd.
Press: ? - help, v - describe, . - travel
Here: a salamander, wielding a +0 halberd (lightly wounded, wandering, hasn't noticed you)
The floor.
Casting: Wereblood (safe; 1% risk of failure)
Confirm with . or Enter, or press ? or * to list all spells.
You turn into a creature of crystalline ice.
The salamander hits you from afar with a +0 halberd!
You are engulfed in flames!
The fire burns you terribly!
A cyan ugly thing comes into view.
The salamander hits you with a +0 halberd!
You are engulfed in flames!
The fire burns you terribly!
The cyan ugly thing gurgles horribly!
You hit the salamander. You freeze the salamander.
The salamander is moderately wounded.
You hear a horrible gurgling sound!
A cyan ugly thing comes into view.
The cyan ugly thing gurgles horribly!
You hit the salamander but do no damage.
The salamander is moderately wounded.
You hear a shout!
The salamander hits you with a +0 halberd!
* * * LOW HITPOINT WARNING * * *
You are engulfed in flames!!
The fire burns you terribly!
You die...

.........,,,,,,,,,,,,,,,,***,,,,,
.........,,,#.....u.....,,***,,,,
.........,,*#............,**.....
.........,**#...u........,**.....
.........,* *..............,,....
.........**###............).,,...
.........###...................#.
.......#.......N...............#.
.......#,,*,,,#.Y................
.......#,,**,*###................
.........,*,,,*#$..............##
...H.....,,,,**#.........##,,..#
......#.*,,,,*##..........#**#.##
,,,,,,*,**,,.............## ##..#
,,,,,,,,,,,.........##...####.J##
,,,,,,,,,*,...########........[#<
,,,,,,,,***.≈.,,≈,*,,#.........[[


You could see 2 ugly things and a salamander.

Vanquished Creatures
  The ghost of Querens the Blocker, a journeyman MeFi of Okawaru (D:12)
  8 hydras
  2 boulder beetles (D:14)
  A centaur warrior (D:13)
  An ogre mage (D:15)
  4 two-headed ogres
  A tengu warrior (D:14)
  An orc knight (D:15)
  A deep elf pyromancer (D:14)
  5 ugly things
  3 cyclopes
  2 manticores
  A gargoyle (D:11)
  A black mamba (shapeshifter) (D:12)
  Maggie (D:9)
  Psyche (D:9)
  A komodo dragon (D:13)
  2 efreet (D:13)
  3 trolls
  2 hornets (D:9)
  Grinder (D:6)
  A centaur simulacrum (D:14)
  19 yaks
  6 wraiths
  2 wyverns
  7 humans (D:14)
  3 vampires
  2 steam dragons (D:8)
  5 vampire mosquitoes
  4 water moccasins
  Duvessa (D:4)
  4 acid dragons
  6 orc warriors
  A sky beast (D:7)
  2 ice beasts (D:7)
  6 black bears
  3 ogres
  4 centaurs
  2 phantoms
  Blork the orc (D:5)
  4 bullfrogs
  A necrophage (D:6)
  2 scorpions
  2 gnoll sergeants (D:11)
  7 wights
  Dowan (D:4)
  3 killer bees (D:9)
  4 howler monkeys
  2 electric eels (D:12)
  9 orc priests
  7 hounds
  A bouda (D:8)
  8 orc wizards
  11 gnolls
  2 adders (D:3)
  2 worms
  2 dart slugs
  27 orcs
  2 endoplasms (D:1)
  2 giant cockroaches (D:1)
  2 goblins
  6 hobgoblins (D:1)
  13 jackals
  3 quokkas
  A ball python (D:2)
  3 bats
  4 frilled lizards
  12 kobolds
  5 rats
270 creatures vanquished.

Vanquished Creatures (collateral kills)
  Jorgrun (D:14)
  Josephine (D:11)
  A vault guard (D:14)
  A boulder beetle (D:13)
  A two-headed ogre (D:12)
  Sonja (D:11)
  A deep elf pyromancer (D:13)
  2 ugly things (D:14)
  3 gargoyles
  A tengu conjurer (D:14)
  A raiju (shapeshifter) (D:14)
  A wraith (D:11)
  3 humans (D:14)
  A yak (D:8)
  An orc warrior (D:6)
  An ogre (D:5)
  2 kobold brigands
  A scorpion (D:7)
  4 orc priests
  A bouda (D:6)
  3 gnolls (D:6)
  A shadow imp (D:5)
  7 orcs
  3 kobolds (D:7)
43 creatures vanquished.

Vanquished Creatures (others)
  A great orb of eyes (D:15)
  A two-headed ogre (D:15)
  5 slime creatures (D:15)
  A yak (D:11)
  A human (D:14)
  A centaur (D:11)
  An ogre (D:15)
  2 bullfrogs (D:9)
  15 jellies
  A killer bee (D:9)
  A howler monkey (D:11)
  An orc priest (D:9)
  2 orc wizards
  A white imp (D:6)
  An ufetubus (D:6)
  A dart slug (D:1)
  8 orcs
  4 ball pythons (D:1)
  2 jackals (D:3)
  2 kobolds
  A frilled lizard (D:3)
  59 fungi
  47 plants (D:9)
  9 toadstools (D:5)
168 creatures vanquished.

Grand Total: 481 creatures vanquished

Notes
Turn   | Place    | Note
-------+----------+-------------------------------------------
     0 | D:1      | Garessta the Felid Transmuter began the quest for the Orb.
     0 | D:1      | Reached XP level 1. HP: 9/9 MP: 4/4
   191 | D:1      | Reached skill level 1 in Poison Magic
   191 | D:1      | Reached XP level 2. HP: 12/12 MP: 6/6
   194 | D:1      | Learned a level 2 spell: Wereblood
   315 | D:1      | Found a faded altar of an unknown god.
   323 | D:1      | Prayed at the altar of an unknown god.
   323 | D:1      | Became a worshipper of Jiyva Juutorye the Shapeless
   323 | D:1      | Reached * piety under Jiyva
   406 | D:1      | Reached skill level 3 in Transmutations
   549 | D:1      | Reached XP level 3. HP: 15/15 MP: 7/7
   759 | D:2      | Learned a level 3 spell: Spider Form
  1031 | D:2      | Reached ** piety under Jiyva
  1331 | D:2      | Reached *** piety under Jiyva
  1517 | D:2      | Gained mutation: You are covered in slimy tendrils that may
                  | disarm your opponents. [Jiyva's grace]
  1517 | D:2      | Gained mutation: Your body has grown eyes which may confuse
                  | attackers. (Acc +3) [Jiyva's grace]
  1517 | D:2      | Gained mutation: Your body has grown many eyes which may
                  | confuse attackers. (Acc +5) [Jiyva's grace]
  1517 | D:2      | Gained mutation: Your body is covered in eyes which may
                  | confuse attackers. (Acc +7, SInv) [Jiyva's grace]
  1857 | D:3      | Identified the +1 leather armour of Omission {Str+2}
  1878 | D:3      | Found a faded altar of an unknown god.
  1888 | D:3      | Found a white marble altar of Elyvilon.
  2098 | D:3      | Reached XP level 4. HP: 13/19 MP: 8/8
  2283 | D:3      | Reached **** piety under Jiyva
  2657 | D:3      | Reached skill level 4 in Transmutations
  2683 | D:4      | Noticed a black bear
  2689 | D:4      | Noticed Duvessa
  2696 | D:4      | Noticed Dowan
  2701 | D:4      | Killed a black bear
  2702 | D:4      | Reached XP level 5. HP: 22/22 MP: 9/9
  2927 | D:4      | Found a staircase to the Ecumenical Temple.
  3082 | D:4      | Reached skill level 5 in Transmutations
  3082 | D:4      | Gained mutation: You are covered in thick fur. (AC +2)
                  | [Felid growth]
  3082 | D:4      | Reached XP level 6. HP: 22/25 MP: 10/10
  3145 | D:4      | Killed Duvessa
  3152 | D:4      | Killed Dowan
  3153 | D:4      | Reached skill level 1 in Ice Magic
  3333 | D:4      | Reached ***** piety under Jiyva
  3389 | Temple   | Entered the Ecumenical Temple
  3584 | D:5      | Entered Level 5 of the Dungeon
  3688 | D:5      | Found a glowing golden altar of the Shining One.
  3729 | D:5      | Noticed Blork the orc
  3746 | D:5      | Killed Blork the orc
  3747 | D:5      | Reached skill level 6 in Transmutations
  3747 | D:5      | Reached XP level 7. HP: 28/28 MP: 11/11
  3752 | D:5      | Learned a level 4 spell: Ice Form
  3791 | D:5      | Found a stormy altar of Qazlal.
  3811 | D:5      | Lost mutation: Your body is covered in eyes which may
                  | confuse attackers. (Acc +7, SInv) [Jiyva's grace]
  3811 | D:5      | Gained mutation: Your melee attacks may engulf your foes in
                  | ooze. [Jiyva's grace]
  3811 | D:5      | Gained mutation: You are resistant to electric shocks.
                  | (rElec) [Jiyva's grace]
  3811 | D:5      | Gained mutation: You are strong-willed. (Will+) [Jiyva's
                  | grace]
  3811 | D:5      | Gained mutation: You are highly strong-willed. (Will++)
                  | [Jiyva's grace]
  3833 | D:5      | Found a hazy altar of Hepliaklqana.
  3862 | D:5      | Found an iron altar of Okawaru.
  3916 | D:5      | Found a burning altar of Makhleb.
  3989 | D:5      | Reached skill level 7 in Transmutations
  4051 | D:5      | Noticed a slime creature
  4128 | D:5      | Noticed a slime creature
  4273 | D:6      | Reached XP level 8. HP: 32/32 MP: 12/12
  4325 | D:6      | Noticed Grinder
  4356 | D:6      | Killed Grinder
  4357 | D:6      | Reached skill level 8 in Transmutations
  4389 | D:6      | Reached skill level 5 in Ice Magic
  4390 | D:6      | Mangled by an orc warrior
  4391 | D:6      | Reached XP level 7. HP: -11/28 MP: 11/11
  4539 | D:6      | Reached XP level 8. HP: 33/33 MP: 12/12
  5065 | D:7      | Reached skill level 9 in Transmutations
  5068 | D:7      | Identified the +6 whip "Pesuajim" {venom, rElec Dex+3}
  5242 | D:7      | Reached XP level 9. HP: 39/39 MP: 14/14
  5367 | D:7      | Reached skill level 5 in Unarmed Combat
  5378 | D:7      | HP: 2/46 [yak (15)]
  5380 | D:7      | Reached skill level 5 in Dodging
  5470 | D:8      | Reached skill level 5 in Fighting
  5664 | D:8      | Reached ****** piety under Jiyva
  5848 | D:8      | Found a basalt altar of Yredelemnul.
  5969 | D:8      | Lost mutation: You are highly strong-willed. (Will++)
                  | [potion of mutation]
  5969 | D:8      | Lost mutation: You are covered in slimy tendrils that may
                  | disarm your opponents. [potion of mutation]
  5969 | D:8      | Gained mutation: Your spells are a little harder to cast,
                  | but a little more powerful. [potion of mutation]
  5969 | D:8      | Gained mutation: Your natural rate of healing is unusually
                  | fast. [potion of mutation]
  5986 | D:9      | Lost mutation: You are resistant to electric shocks.
                  | (rElec) [Jiyva's grace]
  5986 | D:9      | Gained mutation: You have a small jelly attached to you
                  | that may absorb projectiles. [Jiyva's grace]
  5986 | D:9      | Gained mutation: You are robust. (+10% HP) [Jiyva's grace]
  5986 | D:9      | Gained mutation: You are very robust. (+20% HP) [Jiyva's
                  | grace]
  5986 | D:9      | Gained mutation: You are extremely robust. (+30% HP)
                  | [Jiyva's grace]
  6109 | D:9      | Noticed a troll
  6115 | D:9      | Killed a troll
  6116 | D:9      | Reached XP level 10. HP: 56/58 MP: 15/17
  6200 | D:9      | You fall into a shaft and drop 1 floor!
  6200 | D:10     | Entered Level 10 of the Dungeon
  6310 | D:9      | Noticed Maggie
  6335 | D:9      | Killed Maggie
  6383 | D:9      | Found a staircase to the Lair.
  6385 | D:9      | Reached skill level 10 in Transmutations
  6459 | D:9      | Noticed Psyche
  6468 | D:9      | Killed Psyche
  6897 | D:10     | Reached skill level 5 in Spellcasting
  6935 | D:10     | Noticed a brown ugly thing
  6957 | D:10     | Killed a brown ugly thing
  7061 | D:10     | Found a snail-covered altar of Cheibriados.
  7122 | D:10     | Noticed a gargoyle
  7131 | D:10     | Killed a gargoyle
  7132 | D:10     | Reached XP level 11. HP: 65/65 MP: 19/19
  7157 | D:10     | Found Durchega's Jewellery Shop.
  7211 | D:10     | Learned a level 2 spell: Passwall
  7233 | D:10     | Lost mutation: Your natural rate of healing is unusually
                  | fast. [Jiyva's grace]
  7233 | D:10     | Lost mutation: Your spells are a little harder to cast, but
                  | a little more powerful. [Jiyva's grace]
  7233 | D:10     | Lost mutation: Your body has grown many eyes which may
                  | confuse attackers. (Acc +5) [Jiyva's grace]
  7233 | D:10     | Gained mutation: You have a pair of small horns on your
                  | head. [Jiyva's grace]
  7233 | D:10     | Gained mutation: You have a pair of horns on your head.
                  | [Jiyva's grace]
  7233 | D:10     | Gained mutation: You have a pair of large horns on your
                  | head. [Jiyva's grace]
  7233 | D:10     | Gained mutation: You have a somewhat thin skeletal
                  | structure. (Dex +2, Stealth+) [Jiyva's grace]
  7259 | D:10     | Found an ornate altar of the Wu Jian Council.
  7371 | D:10     | Found a broken altar of Ashenzari.
  7575 | D:11     | Noticed Sonja
  7616 | D:11     | Killed Sonja
  7754 | D:11     | Found Fyilix's Weapon Boutique.
  7820 | D:11     | Noticed Josephine
  7852 | D:11     | Killed Josephine
  7969 | D:11     | Noticed a green ugly thing
  7985 | D:11     | Killed a green ugly thing
  8185 | D:11     | Noticed a two-headed ogre
  8185 | D:11     | Noticed a cyan ugly thing
  8190 | D:11     | Killed a cyan ugly thing
  8193 | D:11     | Killed a two-headed ogre
  8200 | D:11     | Noticed a two-headed ogre
  8202 | D:11     | Killed a two-headed ogre
  8239 | D:11     | Noticed a four-headed hydra
  8243 | D:11     | Noticed a four-headed hydra
  8250 | D:11     | Noticed a brown ugly thing
  8441 | D:11     | Killed a four-headed hydra
  8555 | D:11     | HP: 6/122 [vampire mosquito (5)]
  8559 | D:11     | Mangled by a four-headed hydra
  8560 | D:11     | Reached XP level 10. HP: -8/112 MP: 20/20
  8607 | D:11     | Killed a brown ugly thing
  8608 | D:11     | Reached XP level 11. HP: 68/68 MP: 21/21
  8661 | D:11     | Killed a four-headed hydra
  8662 | D:11     | Reached skill level 11 in Transmutations
  9098 | D:12     | Found a large runed translucent door.
  9132 | D:12     | Found a staircase to the Orcish Mines.
  9144 | D:12     | Noticed a two-headed ogre
  9155 | D:12     | Killed a two-headed ogre
  9216 | D:12     | Found a large runed translucent door.
  9218 | D:12     | Noticed Querens's ghost (journeyman MeFi)
  9337 | D:12     | Reached skill level 10 in Unarmed Combat
  9399 | D:12     | Lost mutation: You have a pair of large horns on your head.
                  | [Jiyva's grace]
  9399 | D:12     | Gained mutation: Your translucent skin slightly reduces
                  | your foes' accuracy. (Stealth+) [Jiyva's grace]
  9399 | D:12     | Gained mutation: Your translucent skin reduces your foes'
                  | accuracy. (Stealth+) [Jiyva's grace]
  9399 | D:12     | Gained mutation: Your transparent skin significantly
                  | reduces your foes' accuracy. (Stealth+) [Jiyva's grace]
  9399 | D:12     | Gained mutation: You possess an exceptional clarity of
                  | mind. [Jiyva's grace]
  9488 | D:12     | Found Jotioh's Blood Bar.
  9697 | D:12     | Killed Querens's ghost
  9704 | D:12     | Identified the +2 rapier "Gangymix" {pain, Dex+3}
  9782 | D:13     | Noticed a deep elf pyromancer
  9826 | D:13     | Killed a deep elf pyromancer
  9858 | D:13     | Noticed a centaur warrior
  9884 | D:13     | Killed a centaur warrior
 10057 | D:13     | Reached skill level 10 in Fighting
 10081 | D:13     | Noticed a boulder beetle
 10092 | D:13     | Killed a boulder beetle
 10093 | D:13     | Gained mutation: Your thick and shaggy fur keeps you warm.
                  | (AC +3, rC+) [Felid growth]
 10093 | D:13     | Reached XP level 12. HP: 63/75 MP: 23/23
 10996 | D:14     | Noticed a boulder beetle
 11042 | D:14     | Noticed a two-headed ogre
 11046 | D:14     | Killed a boulder beetle
 11049 | D:14     | Killed a two-headed ogre
 11074 | D:14     | Noticed a boulder beetle
 11086 | D:14     | Killed a boulder beetle
 11118 | D:14     | Noticed Jorgrun
 11157 | D:14     | Lost mutation: You have a somewhat thin skeletal structure.
                  | (Dex +2, Stealth+) [Jiyva's grace]
 11157 | D:14     | Lost mutation: You are extremely robust. (+30% HP) [Jiyva's
                  | grace]
 11157 | D:14     | Lost mutation: You are very robust. (+20% HP) [Jiyva's
                  | grace]
 11157 | D:14     | Lost mutation: Your body has grown eyes which may confuse
                  | attackers. (Acc +3) [Jiyva's grace]
 11157 | D:14     | Gained mutation: You expend magic power (3 MP) to
                  | strengthen your wands. [Jiyva's grace]
 11157 | D:14     | Gained mutation: Armour fits poorly on your pseudopods.
                  | [Jiyva's grace]
 11157 | D:14     | Gained mutation: Armour fits poorly on your large
                  | pseudopods. [Jiyva's grace]
 11157 | D:14     | Gained mutation: Armour fits poorly on your massive
                  | pseudopods. [Jiyva's grace]
 11201 | D:14     | Noticed a four-headed hydra
 11209 | D:14     | Killed a four-headed hydra
 11228 | D:14     | Noticed a seven-headed hydra
 11236 | D:14     | Killed a seven-headed hydra
 11261 | D:14     | Noticed a six-headed hydra
 11266 | D:14     | Killed a six-headed hydra
 11267 | D:14     | Reached skill level 10 in Dodging
 11363 | D:14     | Noticed a tengu warrior
 11396 | D:14     | Killed a tengu warrior
 11441 | D:14     | Noticed a vault guard
 11458 | D:14     | Mangled by a vault guard
 11458 | D:14     | Killed a vault guard
 11459 | D:14     | Reached XP level 11. HP: -5/60 MP: 22/22
 11482 | D:14     | Killed Jorgrun
 11567 | D:14     | Found a gate to the Vaults.
 11710 | D:15     | Entered Level 15 of the Dungeon
 11710 | D:15     | Noticed a red ugly thing
 11710 | D:15     | Noticed a red ugly thing
 11710 | D:15     | Noticed a red ugly thing
 11710 | D:15     | Noticed a red ugly thing
 11710 | D:15     | Noticed a red ugly thing
 11733 | D:13     | Killed a white ugly thing
 11734 | D:13     | Reached XP level 12. HP: 48/64 MP: 23/23
 11779 | D:15     | Killed a two-headed ogre
 11890 | D:15     | Killed a great orb of eyes
 11894 | D:15     | Noticed a six-headed hydra
 11932 | D:15     | Noticed an eight-headed hydra
 11940 | D:14     | Killed an eight-headed hydra
 11960 | D:15     | Killed a six-headed hydra
 12027 | D:14     | Learned a level 5 spell: Blade Hands
 12035 | D:14     | Learned a level 7 spell: Dragon Form
 12037 | D:15     | Noticed an ogre mage
 12037 | D:15     | Noticed a two-headed ogre
 12041 | D:15     | Killed a two-headed ogre
 12042 | D:15     | Reached skill level 12 in Transmutations
 12047 | D:15     | Killed an ogre mage
 12069 | D:15     | Noticed a six-headed hydra
 12074 | D:15     | Killed a six-headed hydra
 12075 | D:15     | Reached skill level 1 in Fire Magic
 12122 | D:15     | Slain by a salamander

Illustrated notes

Levels and vault maps discovered:
D:1:      heliophobic_arrival_battle_scene, layout_rooms, basic_ecumenical_altar
D:2:      layout_basic
D:3:      layout_basic, nicolae_overflow_ecumenical_swirl
D:4:      layout_cave_pools, minmay_temple_entry_offerings, chequers_jeans,
          uniq_duvessa
D:5:      cheibrodos_fertilizer, layout_rooms,
          mainiacjoe_overflow_small_starburst, mainiacjoe_overflow_brackets,
          mainiacjoe_overflow_six_doors_small,
          mainiacjoe_overflow_large_starburst, uniq_blork_the_orc
D:6:      layout_rooms, uniq_grinder
D:7:      layout_basic, kennysheep_flooded_box, kennysheep_generic_room_14
D:8:      layout_basic, lemuel_tele_altar
D:9:      layout_gridville, due_lair_maze_entry_diamond, uniq_maggie,
          uniq_psyche
D:10:     layout_basic, kennysheep_little_box,
          mainiacjoe_overflow_concentric_impassable, cheibrodos_worm_habitat,
          serial_shops, shop, kennysheep_potato
D:11:     minmay_bubble_buster, layout_grid_maze, serial_shops,
          nicolae_shop_hallway_plus, uniq_josephine, uniq_sonja
D:12:     layout_big_octagon, orc_0_dummy, ebering_ghost_disaster_area,
          guppyfry_shop_blood
D:13:     layout_layer_cave, serial_bayou_pond_e
D:14:     layout_cave_pools, ximxim_vaults_locker_room,
          nicolae_elevator_lobby_plus, uniq_jorgrun
D:15:     hangedman_depths_entry_try_elsewhere_first, layout_cave_pools,
          nrook_campfire, special_room [special_room_orc]
Temple:   chequers_temple_sunken

Skill      XL: |  1  2  3  4  5  6  7  8  9 10 11 12 |
---------------+-------------------------------------+-----
Poison Magic   | 1 2 3 |  3.7
Transmutations | 3 4 5 6 7 9 10 11 12 | 12.1
Ice Magic      | 2 4 5 7 |  7.2
Dodging        | 3 4 5 7 9 10 | 10.6
Fighting       | 3 5 7 10 11 | 11.3
Unarmed Combat | 4 6 8 10 11 | 11.7
Spellcasting   | 3 4 5 6 7 |  7.5
Fire Magic     | 1 |  1.0

Action                   |  1- 3 |  4- 6 |  7- 9 | 10-12 || total
-------------------------+-------+-------+-------+-------++-------
Melee: Unarmed           |   117 |    70 |   281 |   575 ||  1043
       Headbutt          |    17 |     5 |    23 |       ||    45
       Bite              |    14 |       |    12 |     1 ||    27
       Punch             |     3 |       |     4 |       ||     7
 Cast: Beastly Appendage |    28 |     6 |    15 |       ||    49
       Wereblood         |     3 |     2 |    11 |    14 ||    30
       Spider Form       |       |     9 |    10 |    10 ||    29
       Ice Form          |       |       |    10 |    47 ||    57
 Abil: End Transformatio |       |       |       |     1 ||     1
Evoke: Wand              |       |     1 |     1 |    24 ||    26
       Phantom mirror    |       |       |       |     1 ||     1
  Use: Scroll            |       |     4 |     5 |    18 ||    27
       Potion            |       |       |     1 |     4 ||     5
 Stab: Sleeping          |     2 |     1 |       |       ||     3
       Confused          |     1 |       |       |       ||     1
       Distracted        |       |       |       |     2 ||     2
Armor: Skin              |     6 |     3 |    41 |   112 ||   162
Dodge: Dodged            |    76 |    70 |   188 |   357 ||   691
Block: Other             |       |       |       |    96 ||    96
       Reflection        |       |       |       |     1 ||     1

Table legend: (Time is in decaauts)
 A = Elapsed time spent in this place.
 B = Non-inter-level travel time spent in this place.
 C = Inter-level travel time spent in this place.
 D = Time resting spent in this place.
 E = Time spent auto-exploring this place.
 F = Levels seen in this place.
 G = Mean time per level.
                   A        B        C        D        E       F      G
               +--------+--------+--------+--------+--------+-----+--------+
         Total |  10656 |  10328 |    328 |    520 |   6966 |  16 |  666.0 |
       Dungeon |  10459 |  10137 |    322 |    520 |   6787 |  15 |  697.3 |
        Temple |    196 |    190 |      6 |      0 |    178 |   1 |  196.0 |
               +--------+--------+--------+--------+--------+-----+--------+

Top non-repeatable levels by time:
    D:11: 1414 daAuts
    D:13: 1013 daAuts
     D:2: 915 daAuts
    D:14: 867 daAuts
     D:3: 825 daAuts
     D:9: 792 daAuts
    D:10: 653 daAuts
    D:12: 605 daAuts
     D:1: 595 daAuts
     D:5: 570 daAuts
     D:7: 555 daAuts
     D:4: 522 daAuts
     D:8: 483 daAuts
     D:6: 465 daAuts
  Temple: 196 daAuts
